 Dungeon Sprint DCSS version 0.30-a0-591-g3c58d2bc28 (webtiles) character file.

Game seed: 16130711623291518778

3619 rocky1 the Thaumaturge (level 9, -1/52 HPs)
             Began as a Deep Elf Earth Elementalist on Jan 6, 2023.
             Was the Champion of Vehumet.
             Slain by an orc warrior
             ... wielding a +0 glaive
              (19 damage)
             ... in the Dungeon (Sprint III: "The Ten Rune Challenge").
             The game lasted 00:05:53 (1279 turns).

rocky1 the Thaumaturge (DEEE)                       Turns: 1279, Time: 00:05:54

Health: -1/52      AC:  4    Str:  5    XL:     9   Next: 86%
Magic:  13/29      EV: 15    Int: 25    God:    Vehumet [******]
Gold:   32         SH:  0    Dex: 15    Spells: 24/36 levels left

rFire   . . .      SeeInvis .    r - +1 long sword (holy)
rCold   . . .      Faith    .    (no shield)
rNeg    . . .      Spirit   .    a - +0 robe
rPois   .          Reflect  .    (no helmet)
rElec   .          Harm     .    p - +1 cloak
rCorr   .          Rampage  .    (no gloves)
Will    .....      NoTele   +    (no boots)
Stlth   ++++                     (no amulet)
HPRegen 0.28/turn                (no ring)
MPRegen 0.21/turn                (no ring)

@: on blink cooldown
A: no striking features
a: Renounce Religion


You were in the Dungeon.
You worshipped Vehumet.
Vehumet was exalted by your worship.
You visited 1 branch You collected 32 gold pieces.

Inventory:

Hand Weapons
 h - a +0 dagger
 r - a +1 long sword of holy wrath (weapon)
Armour
 a - a +0 robe (worn)
 p - a +1 cloak (worn)
Scrolls
 g - a scroll of blinking
 i - 2 scrolls of immolation {unknown}
 j - a scroll of amnesia {unknown}
 l - 2 scrolls of identify
Potions
 b - 3 potions of magic
 c - a potion of curing
 e - 3 potions of haste
 f - a potion of berserk rage
 k - a potion of flight {unknown}
 m - a potion of degeneration {unknown}
 n - 4 potions of mutation
 q - a potion of might
Miscellaneous
 o - a lightning rod (4/4)


   Skills:
 - Level 4.3 Fighting
 - Level 6.8 Dodging
 - Level 7.3 Stealth
 + Level 14.0 Spellcasting
 + Level 10.2 Conjurations
 - Level 3.1 Translocations
 - Level 5.8 Transmutations
 + Level 13.0 Earth Magic
 + Level 10.0 Evocations


You had 24 spell levels left.
You knew the following spells:

 Your Spells              Type           Power      Damage    Failure   Level
a - Sandblast             Erth           100%       2d20      0%          1
b - Stone Arrow           Conj/Erth      100%       3d13      1%          3
c - Blink                 Tloc           66%        N/A       1%          2
d - Petrify               Tmut/Erth      59%        N/A       1%          4
e - Passwall              Tmut/Erth      49%        N/A       1%          2

Your spell library contained the following spells:

 Spells                   Type           Power      Damage    Failure   Level
 Mephitic Cloud           Conj/Pois/Air  34%        N/A       1%          3
 Momentum Strike          Conj/Tloc      100%       3d10      1%          2
 Lesser Beckoning         Tloc           66%        N/A       2%          3
 Leda's Liquefaction      Hex/Erth       25%        N/A       2%          4
 Portal Projectile        Hex/Tloc       50%        N/A       5%          3
 Call Canine Familiar     Summ           17%        N/A       10%         3


Dungeon Overview and Level Annotations

Branches:
Dungeon (1/1)

Altars:
Cheibriados
Dithmenos
Elyvilon
Fedhas
Gozag
Hepliaklqana
Kikubaaqudgha
Makhleb
Nemelex Xobeh
Okawaru
Qazlal
Ru
Sif Muna
Trog
Uskayaw
Vehumet
Wu Jian
Xom
Yredelemnul
Zin
The Shining One
Jiyva
Lugonu

Shops:
D *


Message History

Aiming: Stone Arrow (safe; 1% risk of failure)
Press: ? - help, Q - select action, (/) - cycle Shift-Dir - straight line, f - orc warrior
Aim: an orc warrior, wielding a +0 glaive and wearing a +0 chain mail (strong, 75% to hit)
The stone arrow misses the orc warrior.
The orc warrior hits you from afar with a +0 glaive!
Aiming: Stone Arrow (safe; 1% risk of failure)
Press: ? - help, Q - select action, (/) - cycle Shift-Dir - straight line, f/p - orc warrior
Aim: an orc warrior, wielding a +0 glaive and wearing a +0 chain mail (strong, 75% to hit)
The stone arrow hits the orc warrior!
The orc warrior is moderately wounded.
The orc warrior misses you.
Aiming: Stone Arrow (safe; 1% risk of failure)
Press: ? - help, Q - select action, (/) - cycle Shift-Dir - straight line, f/p - orc warrior
Aim: an orc warrior, wielding a +0 glaive and wearing a +0 chain mail (moderately wounded, strong, 75% to hit)
Okay, then.
The orc attacks as you move away! The orc closely misses you.
You see here 19 gold pieces.
Casting: Stone Arrow (safe; 1% risk of failure)
Confirm with . or Enter, or press ? or * to list all spells.
You blink.
Found 983 gold pieces.
Found Ludaost's General Store.
The orc hits you with a +0 club.
Casting: Blink (safe; 1% risk of failure)
Confirm with . or Enter, or press ? or * to list all spells.
You are still too unstable to blink.
Unknown command.
Aiming: Stone Arrow (safe; 1% risk of failure)
Press: ? - help, Q - select action, (/) - cycle Shift-Dir - straight line, f - orc, p - orc warrior
Aim: an orc, wielding a +0 club (strong, 78% to hit)
The stone arrow hits the orc!
You kill the orc!
Vehumet accepts your kill.
You feel your power returning. The orc warrior barely misses you.
Aiming: Stone Arrow (safe; 1% risk of failure)
Press: ? - help, Q - select action, (/) - cycle Shift-Dir - straight line, f - orc warrior
Aim: an orc warrior, wielding a +0 glaive and wearing a +0 chain mail (moderately wounded, strong, 75% to hit)
The stone arrow hits the orc warrior!!
The orc warrior is almost dead.
The orc warrior hits you with a +0 glaive!!
You die...

▓▓▓ ▓▓▓ ♣.############$$ ##
♣.#___#___#__#$####$$#$
♣♣.#...#__)#._#$...))...
♣..###'#'###)##$@)).)..$
♣..#..........#)o)).)..$
♣♣.'.⌠........#$####.∩$$
♣..#...######'#$# $##
...#.⌠.#__#...#'##############
...#...#__#...#....#.#.#..)..# .
...#)###__#...##.#))#.##.###)# ..
...#...#__#...'##.#.#.##)#..##...
...#___#__'...#...#..#..##..'....


You could see an orc warrior (strong).

Vanquished Creatures
  Erolcha (D)
  An orc knight (D)
  A deep elf pyromancer (D)
  A shadow (D)
  2 redbacks (D)
  A spatial vortex (D)
  2 orc warriors (D)
  5 two-headed ogres (D)
  A scorpion (D)
  A water elemental (D)
  A necrophage (D)
  A jelly (D)
  2 orc priests (D)
  Jessica (D)
  A wizard (D)
  A necromancer (D)
  4 orc wizards (D)
  A kobold demonologist (D)
  3 humans (D)
  7 orcs (D)
  An endoplasm (D)
  A hobgoblin (D)
  A rat (D)
41 creatures vanquished.

Notes
Turn   | Place    | Note
-------+----------+-------------------------------------------
     0 | D        | rocky1 the Deep Elf Earth Elementalist began the quest for
                  | the Orb.
     0 | D        | Reached XP level 1. HP: 10/10 MP: 6/6
    26 | D        | Noticed Jessica
    27 | D        | Killed Jessica
    28 | D        | Reached skill level 1 in Fighting
    28 | D        | Reached skill level 4 in Spellcasting
    28 | D        | Reached XP level 2. HP: 16/16 MP: 6/9
    66 | D        | Reached skill level 5 in Earth Magic
    66 | D        | Reached XP level 3. HP: 18/21 MP: 3/11
   135 | D        | Noticed a scorpion
   141 | D        | Killed a scorpion
   142 | D        | Reached skill level 5 in Stealth
   142 | D        | Reached skill level 5 in Spellcasting
   142 | D        | Reached XP level 4. HP: 23/27 MP: 9/13
   197 | D        | Learned a level 3 spell: Stone Arrow
   210 | D        | Noticed a water elemental
   214 | D        | Killed a water elemental
   215 | D        | Reached skill level 5 in Dodging
   215 | D        | Reached skill level 6 in Spellcasting
   215 | D        | Reached XP level 5. HP: 28/32 MP: 10/15
   252 | D        | Found a radiant altar of Vehumet.
   252 | D        | Found a shimmering blue altar of Sif Muna.
   252 | D        | Found an ancient bone altar of Kikubaaqudgha.
   267 | D        | Learned a level 2 spell: Blink
   272 | D        | Learned a level 4 spell: Petrify
   288 | D        | Learned a level 2 spell: Passwall
   290 | D        | Became a worshipper of Vehumet
   422 | D        | Noticed a shadow
   425 | D        | Killed a shadow
   426 | D        | Reached skill level 7 in Spellcasting
   426 | D        | Reached skill level 5 in Transmutations
   426 | D        | Reached XP level 6. HP: 33/38 MP: 14/18
   450 | D        | Found a blossoming altar of Fedhas.
   450 | D        | Found a stormy altar of Qazlal.
   450 | D        | Found a snail-covered altar of Cheibriados.
   450 | D        | Found a burning altar of Makhleb.
   450 | D        | Found a shimmering altar of Xom.
   451 | D        | Found a hazy altar of Hepliaklqana.
   451 | D        | Found an opulent altar of Gozag.
   451 | D        | Found a sparkling altar of Nemelex Xobeh.
   451 | D        | Found a corrupted altar of Lugonu.
   451 | D        | Found a viscous altar of Jiyva.
   451 | D        | Noticed a spatial vortex
   453 | D        | Killed a spatial vortex
   453 | D        | Reached * piety under Vehumet
   453 | D        | Offered knowledge of Shock by Vehumet.
   476 | D        | Found a basalt altar of Yredelemnul.
   476 | D        | Found a shadowy altar of Dithmenos.
   476 | D        | Found a sacrificial altar of Ru.
   478 | D        | Reached skill level 8 in Spellcasting
   478 | D        | Reached XP level 7. HP: 43/43 MP: 17/20
   511 | D        | Found a hide-covered altar of Uskayaw.
   511 | D        | Found an iron altar of Okawaru.
   511 | D        | Found a bloodstained altar of Trog.
   511 | D        | Found an ornate altar of the Wu Jian Council.
   511 | D        | Noticed a human
   511 | D        | Noticed a human
   513 | D        | Killed a human
   513 | D        | Reached ** piety under Vehumet
   514 | D        | Reached skill level 9 in Spellcasting
   516 | D        | Killed a human
   517 | D        | Reached skill level 5 in Conjurations
   536 | D        | Found a glowing silver altar of Zin.
   536 | D        | Found a glowing golden altar of the Shining One.
   536 | D        | Found a white marble altar of Elyvilon.
   536 | D        | Noticed a deep elf pyromancer
   539 | D        | Killed a deep elf pyromancer
   540 | D        | Reached skill level 10 in Spellcasting
   540 | D        | Reached skill level 10 in Earth Magic
   540 | D        | Reached XP level 8. HP: 48/48 MP: 22/24
   587 | D        | Offered knowledge of Poisonous Vapours by Vehumet.
   587 | D        | Reached *** piety under Vehumet
   588 | D        | Reached skill level 11 in Spellcasting
   677 | D        | Noticed a two-headed ogre
   681 | D        | Killed a two-headed ogre
   736 | D        | Noticed Erolcha
   737 | D        | Noticed a two-headed ogre
   739 | D        | Killed Erolcha
   739 | D        | Offered knowledge of Dazzling Flash by Vehumet.
   740 | D        | Reached skill level 12 in Spellcasting
   740 | D        | Reached XP level 9. HP: 52/52 MP: 19/27
   744 | D        | Killed a two-headed ogre
   744 | D        | Reached **** piety under Vehumet
   745 | D        | Reached skill level 13 in Spellcasting
  1036 | D        | Offered knowledge of Inner Flame by Vehumet.
  1264 | D        | Noticed an orc knight
  1266 | D        | Offered knowledge of Mephitic Cloud by Vehumet.
  1267 | D        | Reached ***** piety under Vehumet
  1269 | D        | Reached ****** piety under Vehumet
  1273 | D        | Killed an orc knight
  1274 | D        | Reached skill level 14 in Spellcasting
  1274 | D        | Reached skill level 10 in Conjurations
  1274 | D        | Reached skill level 10 in Evocations
  1277 | D        | Found Ludaost's General Store.
  1279 | D        | Slain by an orc warrior

Illustrated notes

Levels and vault maps discovered:
D:        dungeon_sprint_mu [sprint_mu_entry_forest, sprint_mu_temple_rooms,
          sprint_mu_d1_spiders, sprint_mu_d2_genie, sprint_mu_d3_branching,
          sprint_mu_orc_legion, sprint_mu_elf_gauntlet, sprint_mu_hive_nellie,
          sprint_mu_lair_fedhas, sprint_mu_vaults_butterflies,
          sprint_mu_slime_circle, sprint_mu_swamp_cave, sprint_mu_snake_twists,
          sprint_mu_blade_basic, sprint_mu_crypt_lich, sprint_mu_tomb_spiral,
          sprint_mu_vestibule_basic, sprint_mu_gehenna_hellfire,
          sprint_mu_dis_giant, sprint_mu_tartarus_statrot,
          sprint_mu_cocytus_islands, sprint_mu_zot1]

Skill      XL: |  1  2  3  4  5  6  7  8  9 |
---------------+----------------------------+-----
Fighting       | 1 2 3 4 |  4.3
Dodging        | 3 4 5 6 |  6.8
Stealth        | 3 4 5 7 |  7.3
Spellcasting   | 4 5 6 7 8 10 12 14 | 14.0
Transmutations | 2 3 4 5 |  5.8
Earth Magic    | 4 5 6 8 9 10 11 13 | 13.0
Conjurations   | 2 3 6 8 10 | 10.2
Translocations | 2 3 |  3.1
Evocations     | 2 6 8 10 | 10.0

Action                   |  1- 3 |  4- 6 |  7- 9 || total
-------------------------+-------+-------+-------++-------
Melee: Long sword        |       |       |     1 ||     1
 Cast: Sandblast         |    13 |    15 |    10 ||    38
       Stone Arrow       |       |       |    32 ||    32
       Blink             |       |       |     3 ||     3
Evoke: Lightning rod     |       |       |     5 ||     5
  Use: Potion            |       |       |     2 ||     2
Dodge: Dodged            |     6 |       |    20 ||    26

Table legend: (Time is in decaauts)
 A = Elapsed time spent in this place.
 B = Non-inter-level travel time spent in this place.
 C = Inter-level travel time spent in this place.
 D = Time resting spent in this place.
 E = Time spent auto-exploring this place.
 F = Levels seen in this place.
 G = Mean time per level.
                   A        B        C        D        E       F      G
               +--------+--------+--------+--------+--------+-----+--------+
         Total |   1297 |   1297 |      0 |    906 |      0 |   1 | 1297.0 |
       Dungeon |   1297 |   1297 |      0 |    906 |      0 |   1 | 1297.0 |
               +--------+--------+--------+--------+--------+-----+--------+

Top non-repeatable levels by time:
       D: 1297 daAuts
